 Seeded DCSS version 0.30-a0-711-gf4ac18a38d (webtiles) character file.

Game seed: 10938482472655219133 (custom seed)

7178 purpskrrrp the Geomancer (level 11, -5/66 HPs)
             Began as a Gargoyle Earth Elementalist on Jan 22, 2023.
             Was an Initiate of Gozag.
             Slain by a death yak (24 damage)
             ... on level 9 of the Dungeon.
             The game lasted 00:26:43 (9669 turns).

purpskrrrp the Geomancer (GrEE)                     Turns: 9669, Time: 00:26:44

Health: -5/66      AC: 12    Str: 19    XL:     11   Next: 11%
Magic:  3/20       EV: 16    Int: 19    God:    Gozag
Gold:   1117       SH:  0    Dex: 10    Spells: 16/22 levels left

rFire   . . .      SeeInvis .    H - +5 flail (spect)
rCold   . . .      Faith    .    (no shield)
rNeg    + . .      Spirit   .    a - +1 robe
rPois   ∞          Reflect  .    (no helmet)
rElec   +          Harm     .    E - +0 cloak
rCorr   .          Rampage  .    (no gloves)
Will    .....                    (no boots)
Stlth   +++                      I - amulet of the acrobat
HPRegen 0.31/turn                J - +6 ring of strength
MPRegen 0.17/turn                t - +5 ring of evasion

@: gold aura
A: sickness immunity, AC +8, negative energy resistance 1, electricity
resistance, torment resistance 1, petrification resistance, claws 1, talons 1,
camouflage 1
a: Renounce Religion, Potion Petition, Call Merchant, Bribe Branch


You were on level 9 of the Dungeon.
You worshipped Gozag.
Gozag was most pleased with you.
You visited 2 branches of the dungeon, and saw 11 of its levels.
You also visited: Sewer.

You collected 1236 gold pieces.
You paid 119 gold pieces to Gozag.

Inventory:

Hand Weapons
 f - a +0 mace
 j - a +4 mace of freezing
 u - a +0 flail
 H - a +5 spectral flail (weapon)
Missiles
 q - 13 boomerangs
 r - 2 throwing nets
Armour
 a - a +1 robe (worn)
 A - the +1 pair of gloves of Temperance {+Inv rN+++ Int-2 Stlth+}
   (You acquired it in a sewer)

   Int:       It affects your intelligence (-2).
   rN:        It renders you almost immune to negative energy.
   +Inv:      It lets you turn invisible.
   Stlth:     It makes you more stealthy.
 E - a +0 cloak (worn)
Jewellery
 c - a ring of fire
 p - a ring of see invisible
 s - an amulet of faith
 t - a +5 ring of evasion (right claw)
 w - a ring of fire
 C - a ring of magical power
 G - a ring of protection from cold
 I - an amulet of the acrobat (around neck)
 J - a +6 ring of strength (left claw)
Wands
 m - a wand of paralysis (11)
 o - a wand of acid (2)
 v - a wand of flame (10)
 D - a wand of polymorph (9)
Scrolls
 g - 2 scrolls of immolation
 h - 5 scrolls of teleportation
 i - 3 scrolls of fear
 y - 2 scrolls of blinking
 K - a scroll of summoning {unknown}
Potions
 b - a potion of magic
 d - 2 potions of ambrosia
 k - 2 potions of attraction {unknown}
 l - 4 potions of curing
 n - a potion of heal wounds
 x - 2 potions of degeneration {unknown}
 z - 2 potions of resistance
 B - a potion of might


   Skills:
 + Level 6.6 Fighting
 + Level 5.7 Maces & Flails
 + Level 6.6 Armour
 - Level 1.5 Dodging
 - Level 4.0 Stealth
 + Level 3.3 Unarmed Combat
 + Level 6.0 Spellcasting
 + Level 5.8 Conjurations
 - Level 0.7 Transmutations
 * Level 11.2 Earth Magic


You had 16 spell levels left.
You knew the following spells:

 Your Spells              Type           Power      Damage    Failure   Level
a - Sandblast             Erth           96%        2d20      1%          1
b - Passwall              Tmut/Erth      23%        N/A       1%          2
c - Stone Arrow           Conj/Erth      76%        3d11      1%          3

Your spell library contained the following spells:

 Spells                   Type           Power      Damage    Failure   Level
 Petrify                  Tmut/Erth      28%        N/A       10%         4
 Gell's Gravitas          Tloc           5%         N/A       32%         3
 Teleport Other           Tloc           5%         N/A       32%         3
 Lightning Bolt           Conj/Air       8%         1d20      67%         5
 Airstrike                Air            2%         2d(1-17)  73%         4
 Summon Lightning Spire   Summ/Air       5%         N/A       73%         4
 Dispersal                Tloc           2%         N/A       100%        6


Dungeon Overview and Level Annotations

Branches:
Dungeon (10/15)            Temple (1/1) D:5            Lair (0/5) D:10
  Sewer (visited)
    Orc: D:9-12

Altars:
Ashenzari
Cheibriados
Dithmenos
Elyvilon
Fedhas
Gozag
Hepliaklqana
Kikubaaqudgha
Makhleb
Nemelex Xobeh
Okawaru
Qazlal
Ru
Sif Muna
Trog
Uskayaw
Vehumet
Wu Jian
Xom
Yredelemnul
Zin
The Shining One

Shops:
D:1 :   D:5 (


Innate Abilities, Weirdness & Mutations

You are immune to sickness and miasma.
Your stone body is resilient. (AC +8)
You are immune to poison.
You resist negative energy. (rN+)
You are resistant to electric shocks. (rElec)
You are resistant to unholy torment.
You are immune to petrification.
You have sharp fingernails.
You have sharp toenails.
Your skin changes colour to match your surroundings (Stealth+).


Message History

Press: ? - help, Shift-Dir - straight line, f/p - death yak
Aim: a death yak (moderately wounded, 91% to hit)
The stone arrow hits the death yak!
The death yak is heavily wounded.
The death yak gores you but does no damage.
Casting: Stone Arrow (safe; 1% risk of failure)
Confirm with . or Enter, or press ? or * to list all spells.
Aiming: Stone Arrow (safe; 1% risk of failure)
Press: ? - help, Shift-Dir - straight line, f/p - death yak
Aim: a death yak (heavily wounded, 91% to hit)
The stone arrow hits the death yak!
The death yak is severely wounded.
The death yak gores you!
Casting: Stone Arrow (safe; 1% risk of failure)
Confirm with . or Enter, or press ? or * to list all spells.
You don't have enough magic to cast this spell.
Unknown command.
Casting: Stone Arrow (safe; 1% risk of failure)
Confirm with . or Enter, or press ? or * to list all spells.
You don't know that spell.
Okay, then.
Casting: Stone Arrow (safe; 1% risk of failure)
Confirm with . or Enter, or press ? or * to list all spells.
You don't have enough magic to cast this spell.
You hit the death yak. Your kick misses the death yak.
The death yak is severely wounded.
The death yak gores you but does no damage.
You hit the death yak.
You claw the death yak, but do no damage.
The death yak is severely wounded.
The death yak gores you.
You thump the death yak!
The death yak is severely wounded.
The death yak gores you!
* * * LOW HITPOINT WARNING * * *
You hit the death yak. Your kick misses the death yak.
The death yak is severely wounded.
The death yak gores you!!
You die...
Your body crumbles into a pile of gold.

#...# #.#
#########.).##################.#
....)...........<..............#
...............................#
..............################.#
..............# #.#
..........>...# #.#
..............################.#
.........(....$Y@..............#
################################


You could see a death yak.

Vanquished Creatures
  A centaur warrior (D:8)
  3 two-headed ogres
  A death yak (D:10)
  A troll (D:9)
  Prince Ribbit (D:7)
  A vampire (D:10)
  3 water moccasins
  2 orc warriors
  3 sky beasts
  5 centaurs
  2 ogres
  A phantom (D:5)
  A kobold brigand (D:8)
  4 bullfrogs
  2 necrophages
  6 scorpions
  5 wights
  6 killer bees (D:8)
  4 howler monkeys
  A quasit (D:6)
  2 hounds
  2 jellies
  2 gnoll boudas
  An orc priest (D:6)
  An iguana (D:5)
  3 orc wizards
  11 gnolls
  13 adders
  11 river rats
  6 shadow imps
  2 white imps
  3 ufetubi (D:6)
  3 worms
  2 dart slugs
  10 orcs
  16 ball pythons
  A bat (D:3)
  6 endoplasms
  2 giant cockroaches (D:3)
  7 goblins
  10 hobgoblins
  4 jackals (D:5)
  7 quokkas
  4 frilled lizards (Sewer)
  14 kobolds
  27 rats
223 creatures vanquished.

Notes
Turn   | Place    | Note
-------+----------+-------------------------------------------
     0 | D:1      | purpskrrrp the Gargoyle Earth Elementalist began the quest
                  | for the Orb.
     0 | D:1      | Reached XP level 1. HP: 10/10 MP: 3/3
   191 | D:1      | Found Doschec's Book Shoppe.
   350 | D:1      | Reached XP level 2. HP: 16/16 MP: 3/5
   820 | D:2      | Reached skill level 4 in Earth Magic
   937 | D:2      | Reached XP level 3. HP: 20/20 MP: 2/6
  1144 | D:2      | Reached skill level 1 in Fighting
  1165 | D:2      | Reached skill level 1 in Armour
  1456 | D:2      | Reached XP level 4. HP: 25/25 MP: 2/7
  1732 | D:3      | Found a stormy altar of Qazlal.
  2323 | D:3      | Found a snail-covered altar of Cheibriados.
  2734 | D:4      | Reached XP level 5. HP: 11/29 MP: 8/8
  2741 | D:4      | Reached skill level 5 in Earth Magic
  2777 | D:4      | Found a glowing drain.
  2785 | Sewer    | Entered a sewer
  3017 | Sewer    | Learned a level 2 spell: Passwall
  3115 | Sewer    | Reached skill level 1 in Maces & Flails
  3115 | Sewer    | Reached XP level 6. HP: 24/35 MP: 5/10
  3458 | Sewer    | Reached skill level 6 in Earth Magic
  3458 | Sewer    | Reached XP level 7. HP: 21/40 MP: 3/11
  3654 | Sewer    | Identified a scroll of acquirement
  3654 | Sewer    | Acquired the +1 pair of gloves of Temperance {+Inv rN+++
                  | Int-2 Stlth+}
  3757 | D:4      | Found a radiant altar of Vehumet.
  3760 | D:4      | Found an iron altar of Okawaru.
  3763 | D:4      | Found a glowing silver altar of Zin.
  3766 | D:4      | Found a shimmering altar of Xom.
  3973 | D:4      | Learned a level 3 spell: Stone Arrow
  4344 | D:5      | Entered Level 5 of the Dungeon
  4410 | D:5      | Reached skill level 1 in Conjurations
  4553 | D:5      | Found a staircase to the Ecumenical Temple.
  4561 | Temple   | Entered the Ecumenical Temple
  5016 | Temple   | HP: 2/41 [gnoll bouda/+0 whip (8)]
  5432 | D:5      | Reached XP level 8. HP: 46/46 MP: 13/13
  5438 | D:5      | Reached skill level 7 in Earth Magic
  5454 | D:5      | Found Nahiol's Weapon Shoppe.
  5779 | D:5      | Gained mutation: You are strong-willed. (Will+) [potion of
                  | mutation]
  5780 | D:5      | Lost mutation: You are strong-willed. (Will+) [potion of
                  | mutation]
  5780 | D:5      | Gained mutation: You have sharp fingernails. [potion of
                  | mutation]
  5780 | D:5      | Gained mutation: You have sharp toenails. [potion of
                  | mutation]
  5780 | D:5      | Gained mutation: Your skin changes colour to match your
                  | surroundings (Stealth+). [potion of mutation]
  6004 | D:6      | Found an opulent altar of Gozag.
  6025 | D:6      | Became a worshipper of Gozag Ym Sagoz the Greedy
  6108 | D:6      | Reached skill level 8 in Earth Magic
  6136 | D:6      | Reached XP level 9. HP: 45/52 MP: 15/15
  6787 | D:7      | Noticed Prince Ribbit
  6804 | D:7      | Killed Prince Ribbit
  7016 | D:7      | Reached skill level 5 in Fighting
  7042 | D:7      | Reached skill level 9 in Earth Magic
  7044 | D:7      | Reached skill level 5 in Armour
  7506 | D:8      | Noticed a centaur warrior
  7625 | D:8      | Killed a centaur warrior
  7626 | D:8      | Reached skill level 1 in Unarmed Combat
  7626 | D:8      | Reached skill level 5 in Spellcasting
  7626 | D:8      | Reached XP level 10. HP: 40/59 MP: 17/17
  7725 | D:8      | Noticed a two-headed ogre
  7731 | D:8      | Killed a two-headed ogre
  7732 | D:8      | Reached skill level 10 in Earth Magic
  8169 | D:8      | Reached skill level 5 in Maces & Flails
  8169 | D:8      | Reached skill level 5 in Conjurations
  8255 | D:8      | Found a hazy altar of Hepliaklqana.
  8255 | D:8      | Identified the +8 trident "Sosok" {flame, rC- Will+ rCorr
                  | Stlth+}
  8709 | D:9      | Found a white marble altar of Elyvilon.
  8887 | D:9      | Noticed a two-headed ogre
  8894 | D:9      | Killed a two-headed ogre
  8936 | D:9      | Found a hide-covered altar of Uskayaw.
  8937 | D:9      | Noticed a two-headed ogre
  8947 | D:9      | Killed a two-headed ogre
  9325 | D:10     | Entered Level 10 of the Dungeon
  9344 | D:10     | Reached skill level 11 in Earth Magic
  9344 | D:10     | Reached XP level 11. HP: 56/66 MP: 17/19
  9433 | D:10     | Noticed a death yak
  9438 | D:10     | Noticed a death yak
  9439 | D:10     | Killed a death yak
  9442 | D:10     | Noticed a death yak
  9443 | D:10     | Noticed a death yak
  9443 | D:10     | Noticed a death yak
  9446 | D:10     | Noticed a death yak
  9447 | D:10     | Noticed a death yak
  9646 | D:10     | Found a staircase to the Lair.
  9669 | D:9      | Slain by a death yak

Illustrated notes

Levels and vault maps discovered:
D:1:      elethiomel_arrival_infinity_welcomes_careful_drivers,
          layout_loops_cross, serial_shops, shop
D:2:      layout_loops_ring
D:3:      layout_basic, chei_slow_surprise, grunt_qazlal_sundering
D:4:      layout_basic, grunt_temple_overflow_cloverleaf, portal_sewer_entry_b
D:5:      layout_rooms, minmay_temple_entry_crystal_x, serial_shops, shop
D:6:      layout_rooms, amcnicky_altar_gilded, serial_demonic, serial_demonic_d,
          serial_demonic_f, serial_demonic_b, serial_demonic_f, serial_demonic_d
D:7:      layout_basic, uniq_prince_ribbit1
D:8:      layout_rooms, old_standard_altar, grunt_ministairs_8
D:9:      layout_long_grid, elyvilon_altar_4, nicolae_overflow_crystal_walls,
          kennysheep_generic_room_5
D:10:     lemuel_bear_cage, layout_loops_cross, dpeg_lair_monsters,
          bh_hangedman_babel_library
Temple:   hellmonk_temple_forest_ring

Skill      XL: |  1  2  3  4  5  6  7  8  9 10 11 |
---------------+----------------------------------+-----
Earth Magic    | 4 5 6 8 9 11 | 11.2
Fighting       | 1 2 3 4 5 6 |  6.6
Armour         | 1 2 3 4 5 6 |  6.6
Stealth        | 3 4 |  4.0
Maces & Flails | 1 2 3 4 5 |  5.7
Spellcasting   | 3 4 5 6 |  6.0
Conjurations   | 1 3 4 5 |  5.8
Unarmed Combat | 1 3 |  3.3
Dodging        | |  1.5
Transmutations | |  0.7

Action                     |  1- 3 |  4- 6 |  7- 9 | 10-12 || total
---------------------------+-------+-------+-------+-------++-------
  Melee: Unarmed           |     4 |       |       |       ||     4
         Punch             |     1 |     2 |     1 |     2 ||     6
         Mace              |     2 |    11 |       |       ||    13
         Flail             |       |   111 |   189 |    57 ||   357
         Kick              |       |       |    15 |    17 ||    32
  Throw: Javelin           |       |     8 |     2 |     2 ||    12
   Cast: Sandblast         |    38 |    74 |   126 |    43 ||   281
         Stone Arrow       |       |       |       |    10 ||    10
  Evoke: Wand              |       |       |       |     7 ||     7
    Use: Scroll            |       |     2 |    17 |     2 ||    21
         Potion            |       |     2 |     6 |     1 ||     9
   Stab: Distracted        |       |       |     3 |       ||     3
 Armour: Robe              |     3 |   112 |   107 |    26 ||   248
  Dodge: Dodged            |     2 |   334 |   312 |    78 ||   726

Table legend: (Time is in decaauts)
 A = Elapsed time spent in this place.
 B = Non-inter-level travel time spent in this place.
 C = Inter-level travel time spent in this place.
 D = Time resting spent in this place.
 E = Time spent auto-exploring this place.
 F = Levels seen in this place.
 G = Mean time per level.
                   A        B        C        D        E       F      G
               +--------+--------+--------+--------+--------+-----+--------+
         Total |   9961 |   9630 |    331 |   1254 |   6563 |  12 |  830.1 |
       Dungeon |   8156 |   7872 |    284 |    456 |   6062 |  10 |  815.6 |
        Temple |    785 |    738 |     47 |    557 |    131 |   1 |  785.0 |
         Sewer |   1020 |   1020 |      0 |    241 |    370 |   1 | 1020.0 |
               +--------+--------+--------+--------+--------+-----+--------+

Top non-repeatable levels by time:
     D:8: 1141 daAuts
   Sewer: 1020 daAuts
     D:2: 928 daAuts
     D:4: 916 daAuts
     D:9: 910 daAuts
     D:6: 902 daAuts
     D:3: 848 daAuts
     D:1: 823 daAuts
     D:7: 792 daAuts
  Temple: 785 daAuts
     D:5: 743 daAuts
    D:10: 148 daAuts
